 Dungeon Crawl Stone Soup version 0.29.1-1-gd02db6906a (webtiles) character file.

Game seed: 12853441427697804807

4 Revguard the Chopper (level 1, 0/12 HPs)
             Began as a Gargoyle Gladiator on Sept 20, 2022.
             Slain by a jackal (3 damage)
             ... on level 1 of the Dungeon.
             The game lasted 00:00:20 (55 turns).

Revguard the Chopper (Gargoyle Gladiator)             Turns: 55, Time: 00:00:20

Health: 0/12       AC:  6    Str: 17    XL:     1   Next: 60%
Magic:  1/1        EV: 12    Int:  8    God:
Gold:   0          SH:  0    Dex: 11    Spells: 0/0 levels left

rFire   . . .      SeeInvis .   a - +0 war axe
rCold   . . .      Faith    .   (no shield)
rNeg    + . .      Spirit   .   b - +0 leather armour
rPois   ∞          Reflect  .   c - +0 helmet
rElec   +          Harm     .   (no cloak)
rCorr   .          Rampage  .   (no gloves)
Will    .....                   (no boots)
Stlth   +.........              (no amulet)
HPRegen 0.04/turn               (no ring)
MPRegen 0.07/turn               (no ring)

@: no status effects
A: sickness immunity, AC +2, negative energy resistance 1, electricity
resistance, torment resistance 1, petrification resistance
a: no special abilities


You were on level 1 of the Dungeon.
You visited 1 branch of the dungeon, and saw 1 of its levels.

Inventory:

Hand Weapons
 a - a +0 war axe (weapon)
Missiles
 d - 3 throwing nets (quivered)
 e - a javelin
Armour
 b - a +0 leather armour (worn)
 c - a +0 helmet (worn)
Scrolls
 f - a scroll of identify {unknown}
Potions
 g - 2 potions of heal wounds {unknown}


   Skills:
 + Level 2.2 Fighting
 + Level 2.7 Axes
 - Level 1.7 Throwing
 + Level 0.2 Armour
 + Level 2.4 Dodging
 + Level 0.2 Invocations
 + Level 0.1 Evocations


You couldn't memorise any spells.
You didn't know any spells.
Your spell library was empty.

Dungeon Overview and Level Annotations

Branches:
Dungeon (1/15)

Altars:


Innate Abilities, Weirdness & Mutations

You are immune to sickness and miasma.
Your stone body is resilient. (AC +2)
You are immune to poison.
You resist negative energy. (rN+)
You are resistant to electric shocks. (rElec)
You are resistant to unholy torment.
You are immune to petrification.


Message History

You barely miss the ball python.
The ball python is heavily wounded.
The ball python barely misses you. The ball python constricts you.
The ball python bites you but does no damage.
The ball python constricts you.
You hit the ball python.
You kill the ball python!
The jackal bites you but does no damage.
You closely miss the jackal. The jackal bites you.
The jackal barely misses you.
You closely miss the jackal.
The jackal bites you but does no damage.
You barely miss the jackal. x2
The jackal bites you but does no damage.
The jackal closely misses you.
The jackal bites you but does no damage.
The jackal completely misses you.
You hit the jackal.
You kill the jackal!
You closely miss the jackal. The jackal bites you.
The jackal bites you but does no damage.
The jackal bites you.
* * * LOW HITPOINT WARNING * * *
You see here a jackal corpse.
You barely miss the jackal. You closely miss the jackal.
The jackal barely misses you. x2; The jackal misses you.
The jackal closely misses you.
You barely miss the jackal. You slash the jackal!
You kill the jackal!
The jackal barely misses you.
You completely miss the jackal. The jackal misses you.
The jackal closely misses you.
You barely miss the jackal. The jackal closely misses you.
The jackal bites you but does no damage.
You closely miss the jackal. The jackal closely misses you.
The jackal bites you but does no damage.
You closely miss the jackal. The jackal closely misses you. x2
You barely miss the jackal. The jackal barely misses you. x2
You hit the jackal but do no damage. The jackal bites you.
You die...

...#......#
...###'#########.#
#'##<#.........#.##
#..#'#.........#..
#..'.#.........#..
######.........#.###
#.........#...
#.........#.#
#.........†@#
+.........#h#
###########...
...... .####... ..
.. .. # ...


You could see a jackal.

Vanquished Creatures
  A ball python (D:1)
  2 jackals (D:1)
3 creatures vanquished.

Notes
Turn   | Place    | Note
-------+----------+-------------------------------------------
     0 | D:1      | Revguard the Gargoyle Gladiator began the quest for the
                  | Orb.
     0 | D:1      | Reached XP level 1. HP: 12/12 MP: 1/1
    55 | D:1      | Slain by a jackal

Illustrated notes

Levels and vault maps discovered:
D:1:      evilmike_arrival_fibonacci_small, layout_basic,
          hellmonk_ecumenical_altar_crossroads, minmay_small_reverse_x

Action                   || total
-------------------------++-------
Melee: War axe           ||    20
       Punch             ||     1
Armor: Leather armour    ||    13
Dodge: Dodged            ||    22
